 Dungeon Crawl Stone Soup version 0.27-a0-1136-g0b992a5a9d (webtiles) character file.

Game seed: 14657967198197470139

28 jasper the Insei (level 3, -4/27 HPs)
             Began as a Demonspawn Transmuter on May 4, 2021.
             Slain by an orc
             ... wielding a +0 trident
              (5 damage)
             ... on level 3 of the Dungeon.
             The game lasted 00:02:22 (1090 turns).

jasper the Insei (Demonspawn Transmuter)            Turns: 1090, Time: 00:02:23

Health: -4/27      AC:  3    Str: 10    XL:     3   Next: 0%
Magic:  4/6        EV: 12    Int: 15    God:
Gold:   102        SH:  0    Dex: 13    Spells: 0/6 levels left

rFire    . . .     SeeInvis .     - Unarmed
rCold    . . .     Faith    .   (no shield)
rNeg     . . .     Spirit   .   a - +0 robe
rPois    .         Reflect  .   (no helmet)
rElec    .         Harm     .   (no cloak)
rCorr    .         Rampage  .   (no gloves)
Will     .....                  (no boots)
Stlth    +.........             (no amulet)
HPRegen  0.09/turn              e - ring of wizardry
MPRegen  0.10/turn              f - ring of wizardry

@: mighty
A: rugged brown scales 1, foul stench 1
a: no special abilities


You were on level 3 of the Dungeon.
You visited 1 branch of the dungeon, and saw 3 of its levels.

You collected 102 gold pieces.

Inventory:

Armour
 a - a +0 robe (worn)
Magical Staves
 c - a staff of earth
Jewellery
 b - a ring of positive energy
 e - a ring of wizardry (left hand)
 f - a ring of wizardry (right hand)


   Skills:
 + Level 1.8 Fighting
 - Level 1.7 Dodging
 + Level 3.1 Unarmed Combat
 - Level 2.0 Spellcasting
 + Level 2.3 Transmutations


You couldn't memorise any spells.
You knew the following spells:

 Your Spells              Type           Power      Damage    Failure   Level
a - Beastly Appendage     Tmut           16%        N/A       2%          1
b - Wereblood             Tmut           8%         N/A       3%          2
c - Spider Form           Tmut/Pois      2%         N/A       11%         3

Your spell library contained the following spells:

 Spells                   Type           Power      Damage    Failure   Level
 Ice Form                 Ice/Tmut       4%         N/A       32%         4
 Hydra Form               Tmut           4%         N/A       50%         5


Dungeon Overview and Level Annotations

Branches:
Dungeon (3/15)

Altars:


Innate Abilities, Weirdness & Mutations

You are partially covered in rugged brown scales. (AC +1, +3% HP)
You may rarely emit foul miasma when damaged in melee.


Message History

You take 7 damage, and have 20/27 hp.
MASSIVE DAMAGE!!
You hit the orc but do no damage. You claw the orc, but do no damage.
The orc hits you with a +0 trident!
You take 7 damage, and have 13/27 hp.
MASSIVE DAMAGE!!
You hit the orc but do no damage. You claw the orc, but do no damage.
The kobold closely misses you. The orc hits you but does no damage.
Press: ? - help, v - describe, . - travel
Here: an orc, wielding a +0 trident and wearing a +0 scale mail The floor.
Unknown command.
Unknown command.
Casting: Beastly Appendage (safe; 2% risk of failure)
Confirm with . or Enter, or press ? or * to list all spells.
Your blood is infused with primal strength.
The kobold hits you with a +0 club. The orc barely misses you.
You take 3 damage, and have 10/27 hp.
You now have 3/6 mp.
You hit the kobold. Your kick misses the kobold.
The kobold is heavily wounded.
The kobold misses you. The orc hits you with a +0 trident.
You take 1 damage, and have 9/27 hp.
You hit the kobold.
The kobold is severely wounded.
The kobold hits you with a +0 club.
* * * LOW HITPOINT WARNING * * *
The orc closely misses you.
You take 5 damage, and have 4/27 hp.
It was a potion of cancellation.
Your magical effects are unravelling.
You feel magically purged.
Your horns disappear.
Your talons disappear.
Your primal bloodlust has ended.
The kobold hits you with a +0 club.
* * * LOW HITPOINT WARNING * * *
The orc hits you but does no damage.
You take 1 damage, and have 3/27 hp.
You feel very mighty all of a sudden. The kobold misses you.
The orc barely misses you.
You hit the orc but do no damage. The kobold hits you with a +0 club.
* * * LOW HITPOINT WARNING * * *
The orc hits you with a +0 trident.
You die...

#.##.##.#######
#.......#
####.#### #.#
###.#
###...##########
#.......##.....#
#.#.###.##.....#
# #@...........#
#oK##.##.....#
#.......##...<.#
##...###########
...#.# ##. .# #.
.# .. ..


You could see an orc and a kobold.

Vanquished Creatures
  A worm (D:2)
  2 dart slugs
  2 endoplasms
  3 goblins
  2 hobgoblins
  A kobold (D:1)
  2 quokkas (D:1)
  2 bats (D:1)
  4 frilled lizards (D:1)
  3 rats
22 creatures vanquished.

Notes
Turn   | Place    | Note
-------+----------+-------------------------------------------
     0 | D:1      | jasper the Demonspawn Transmuter began the quest for the
                  | Orb.
     0 | D:1      | Reached XP level 1. HP: 15/15 MP: 3/3
   305 | D:1      | Gained mutation: You may rarely emit foul miasma when
                  | damaged in melee. [demonic ancestry]
   305 | D:1      | Reached XP level 2. HP: 21/21 MP: 3/5
   516 | D:1      | Reached skill level 3 in Unarmed Combat
   640 | D:1      | Learned a level 2 spell: Wereblood
   869 | D:2      | Found a faded altar of an unknown god.
   978 | D:3      | Gained mutation: You are partially covered in rugged brown
                  | scales. (AC +1, +3% HP) [demonic ancestry]
   978 | D:3      | Reached XP level 3. HP: 20/27 MP: 4/6
   982 | D:3      | Learned a level 3 spell: Spider Form
  1090 | D:3      | HP: 1/27 [kobold/+0 club (3)]
  1090 | D:3      | Slain by an orc

Illustrated notes

Levels and vault maps discovered:
D:1:      psy_arrival_terrarium, layout_rooms, minmay_small_reverse_x
D:2:      minmay_wonky_spiral, layout_basic, hellmonk_ecumenical_altar_run_dry,
          uniq_sigmund, uniq_natasha
D:3:      layout_loops_cross, nicolae_uskayaw_murder_on_the_dancefloor,
          hangedman_decor_riveting, dk_noncrumbling_4

Skill      XL: |  1  2 |
---------------+-------+-----
Transmutations | 2 |  2.3
Unarmed Combat | 3 |  3.1
Fighting       | |  1.8
Dodging        | |  1.7
Spellcasting   | |  2.0

Action                   || total
-------------------------++-------
Melee: Unarmed           ||    49
       Kick              ||     8
       Headbutt          ||     8
 Cast: Beastly Appendage ||    17
       Wereblood         ||     1
  Use: Scroll            ||     3
       Potion            ||     2
Armor: Robe              ||     6
Dodge: Dodged            ||    23

Table legend: (Time is in decaauts)
 A = Elapsed time spent in this place.
 B = Non-inter-level travel time spent in this place.
 C = Inter-level travel time spent in this place.
 D = Time resting spent in this place.
 E = Time spent auto-exploring this place.
 F = Levels seen in this place.
 G = Mean time per level.
                   A        B        C        D        E       F      G
               +--------+--------+--------+--------+--------+-----+--------+
         Total |   1085 |   1075 |     10 |    178 |    716 |   3 |  361.7 |
       Dungeon |   1085 |   1075 |     10 |    178 |    716 |   3 |  361.7 |
               +--------+--------+--------+--------+--------+-----+--------+

Top non-repeatable levels by time:
     D:1: 648 daAuts
     D:2: 310 daAuts
     D:3: 127 daAuts
